 Dungeon Crawl Stone Soup version 0.28-a0-514-g0d7ab7f379 (webtiles) character file.

Game seed: 7752030313534977820

69 robertstho the Magician (level 4, 0/31 HPs)
             Began as a Djinni Fire Elementalist on Sept 22, 2021.
             Was an Initiate of Gozag.
             Slain by a gnoll (5 damage)
             ... on level 3 of the Dungeon.
             The game lasted 00:04:11 (3213 turns).

robertstho the Magician (Djinni Fire Elementalist)  Turns: 3213, Time: 00:04:12

Health: 0/31       AC:  2    Str:  7    XL:     4   Next: 42%
Gold:   171        EV: 12    Int: 17    God:    Gozag SH:  0 Dex: 14

rFire   + + .      SeeInvis .   b - +2 short sword (vamp)
rCold   x . .      Faith    .   (no shield)
rNeg    . . .      Spirit   .   a - +0 robe
rPois   ∞          Reflect  .   (no helmet)
rElec   .          Harm     .   d - scarf {repulsion}
rCorr   .          Rampage  .   (no gloves)
Will    .....                   (boots unavailable)
Stlth   ++........              (no amulet)
HPRegen 0.10/turn               (no ring)
MPRegen 0.00/turn               (no ring)

@: about to teleport, flying, repel missiles
A: sickness immunity, fire resistance 2, cold vulnerability 1, float, innate
caster, hp casting, extra vitality 1
a: Renounce Religion, Potion Petition, Call Merchant, Bribe Branch


You were on level 3 of the Dungeon.
You worshipped Gozag.
Gozag was aware of your devotion.
You visited 1 branch of the dungeon, and saw 3 of its levels.

You collected 186 gold pieces.
You paid 15 gold pieces to Gozag.

Inventory:

Hand Weapons
 b - a +2 vampiric short sword (weapon)
Armour
 a - a +0 robe (worn)
 d - a scarf of repulsion (worn)
Scrolls
 c - a scroll of enchant weapon
 e - a scroll of teleportation
Potions
 f - a potion of heal wounds {unknown}


   Skills:
 * Level 0.5 Fighting
 + Level 2.5 Dodging
 + Level 1.7 Stealth
 * Level 3.6 Spellcasting


You couldn't memorise any spells.
You knew the following spells:

 Your Spells              Type           Power      Damage    Failure   Level
a - Foxfire               Conj/Fire      60%        2x1d7     3%          1
b - Scorch                Fire           30%        2d7       5%          2
c - Conjure Flame         Conj/Fire      15%        6-21      11%         3
d - Inner Flame           Hex/Fire       15%        N/A       11%         3
e - Flame Wave            Conj/Fire      15%        3d5       36%         4
f - Magic Dart            Conj           60%        1d6       3%          1
Your spell library was empty.

Dungeon Overview and Level Annotations

Branches:
Dungeon (3/15)

Altars:
Elyvilon
Gozag

Shops:
D:1 !


Innate Abilities, Weirdness & Mutations

You are immune to sickness and miasma.
You are immune to poison.
Your flesh is very heat resistant. (rF++)
You are vulnerable to cold. (rC-)
You float through the air rather than walking.
You learn spells naturally, not from books.
Your magical power is your life essence.
You have superior vitality. (+4 HP)


Message History

The gnoll's fire resistance burns away.
You hear a shout! x2
The foxfire hits the gnoll.
The gnoll is burned terribly!
You kill the gnoll!
The foxfire hits the orc but does no damage.
A gnoll comes into view. It is wielding a +0 flail.
Casting: Scorch (safe; 5% risk of failure)
Confirm with . or Enter, or press ? or * to list all spells.
Flames lash the orc but do no damage.
You hear a shout!
Casting: Scorch (safe; 5% risk of failure)
Confirm with . or Enter, or press ? or * to list all spells.
Flames lash the orc.
The orc is moderately wounded.
The orc's fire resistance burns away.
You hear a shout!
The orc hits you with a +0 falchion!
* * * LOW HITPOINT WARNING * * *
A gnoll comes into view. It is wielding a +0 spear.
A gnoll comes into view. It is wielding a +0 flail.
Found 23 bolts.
The gnoll closely misses you.
There is an open door here.
Things that are here:
11 gold pieces; a +0 flail The orc is no longer more vulnerable to fire.
An orc comes into view. It is wielding a +0 club.
The orc shouts!
An orc comes into view. It is wielding a +0 trident.
Found a stone staircase leading down.
As you read the scroll labelled JINIPTYSE RIUD, it crumbles to dust.
It is a scroll of enchant weapon.
Your +1 vampiric short sword glows red for a moment.
The gnoll completely misses you.
As you read the scroll labelled QAMNAN GOXTISE, it crumbles to dust.
You feel strangely unstable.
It was a scroll of teleportation.
The gnoll hits you with a +0 flail.
* * * LOW HITPOINT WARNING * * *
The gnoll hits you from afar with a +0 spear.
You die...
Your body crumbles into a pile of gold.

#'###..$........#.##
#.....##...#........
#.....##.o.##.#.#.##
#.....##.$....#.#...
#....o###o###.#.####
#.....g.....#.....##
#.....###$#.#.#.#... $
...##.#+#g###.#.#.#.#.##
.>.....@g...............
...####.......#.#.#..###
#...#.....#.#.....
....+(............
##...#.....#.......
#...# #.........## ....#
.......#.## #...#
.......#..# .......##.#


You could see 2 gnolls.

Vanquished Creatures
  A gnoll (D:3)
  An adder (D:2)
  A dart slug (D:3)
  An orc (D:3)
  3 ball pythons
  2 endoplasms (D:2)
  4 giant cockroaches
  7 goblins
  5 hobgoblins
  3 quokkas
  3 bats
  2 frilled lizards (D:1)
  5 kobolds
  5 rats (D:1)
43 creatures vanquished.

Vanquished Creatures (others)
  179 foxfires
  17 fungi (D:3)
  4 plants (D:3)
200 creatures vanquished.

Grand Total: 243 creatures vanquished

Notes
Turn   | Place    | Note
-------+----------+-------------------------------------------
     0 | D:1      | robertstho the Djinni Fire Elementalist began the quest for
                  | the Orb.
     0 | D:1      | Reached XP level 1. HP: 15/15 MP: 0/0
   328 | D:1      | Found a faded altar of an unknown god.
   394 | D:1      | Found Samyseso's Distillery.
   413 | D:1      | Reached XP level 2. HP: 14/21 MP: 0/0
   783 | D:1      | Found an opulent altar of Gozag.
  1412 | D:1      | Reached XP level 3. HP: 21/25 MP: 0/0
  1412 | D:1      | Learned a level 1 spell: Magic Dart
  1624 | D:1      | Became a worshipper of Gozag Ym Sagoz the Greedy
  1679 | D:2      | Reached skill level 3 in Spellcasting
  2011 | D:2      | Found a white marble altar of Elyvilon.
  2778 | D:2      | Reached XP level 4. HP: 27/31 MP: 0/0
  3213 | D:3      | Slain by a gnoll

Illustrated notes

Levels and vault maps discovered:
D:1:      dpeg_arrival_fog, layout_loops_ring, basic_ecumenical_altar,
          serial_shops, shop, kennysheep_flooded_box,
          hangedman_abyss_or_decor_lesser_grid, hangedman_decor_push
D:2:      cheibrodos_greedy_goblins, layout_loops_ring, basic_altar,
          minmay_box_of_dots
D:3:      layout_basic, mainiacjoe_overflow_chevrons, minmay_vboxes,
          uniq_sigmund

Skill      XL: |  1  2  3 |
---------------+----------+-----
Spellcasting   | 3 |  3.6
Fighting       | |  0.5
Dodging        | |  2.5
Stealth        | |  1.7

Action                   |  1- 3 |  4- 6 || total
-------------------------+-------+-------++-------
Melee: Unarmed           |    11 |       ||    11
       Short sword       |     2 |       ||     2
 Cast: Foxfire           |    99 |    19 ||   118
       Scorch            |       |     3 ||     3
  Use: Scroll            |       |     2 ||     2
Armor: Robe              |     5 |       ||     5
Dodge: Dodged            |    18 |     2 ||    20

Table legend: (Time is in decaauts)
 A = Elapsed time spent in this place.
 B = Non-inter-level travel time spent in this place.
 C = Inter-level travel time spent in this place.
 D = Time resting spent in this place.
 E = Time spent auto-exploring this place.
 F = Levels seen in this place.
 G = Mean time per level.
                   A        B        C        D        E       F      G
               +--------+--------+--------+--------+--------+-----+--------+
         Total |   3213 |   3066 |    147 |      0 |   2744 |   3 | 1071.0 |
       Dungeon |   3213 |   3066 |    147 |      0 |   2744 |   3 | 1071.0 |
               +--------+--------+--------+--------+--------+-----+--------+

Top non-repeatable levels by time:
     D:1: 1653 daAuts
     D:2: 1406 daAuts
     D:3: 153 daAuts
